 Dungeon Crawl Stone Soup version 0.25-a0-571-gb5e01bddfa (webtiles) character file.

Game seed: 12576408866624963375, levelgen mode: deterministic

19791 Flugslaktarn the Cleaver (level 12, -1/112 HPs)
             Began as a Deep Dwarf Fighter on Feb 29, 2020.
             Was a High Priest of Makhleb.
             Slain by a 14-headed hydra (8 damage)
             ... on level 2 of the Lair of Beasts.
             The game lasted 00:07:38 (7620 turns).

Flugslaktarn the Cleaver (Deep Dwarf Fighter)       Turns: 7620, Time: 00:07:39

Health: -1/112     AC: 25    Str: 28    XL:     12   Next: 39%
Magic:  17/17      EV: 10    Int: 16    God:    Makhleb [*****.]
Gold:   339        SH: 11    Dex: 12    Spells: 11/11 levels left

rFire    . . .     SeeInvis +   a - +1 hand axe (flame)
rCold    . . .     Gourm    +   c - +0 kite shield
rNeg     . . .     Faith    .   P - +3 chain mail of Shadows and Fog {Str+5}
rPois    +         Spirit   .   m - +2 helmet
rElec    .         Reflect  .   N - +0 cloak
rCorr    .         Harm     .   i - +2 pair of gloves
MR       +....                  V - +1 pair of boots "Susuamena" {*Contam rPois Int+2 SInv}
Stlth    ..........             k - amulet of the gourmand
HPRegen  0.00/turn              K - ring "Meptamn" {rPois Int+3 Slay+3}
MPRegen  0.15/turn              v - +3 ring of evasion

@: non-regenerating
A: damage resistance, heal wounds, claws 1, talons 1, sense surroundings 2, no
regeneration
a: Heal Wounds, Minor Destruction, Lesser Servant of Makhleb, Major Destruction,
Greater Servant of Makhleb, Renounce Religion


You were on level 2 of the Lair of Beasts.
You worshipped Makhleb.
Makhleb was extremely pleased with you.
You were full.

You visited 2 branches of the dungeon, and saw 13 of its levels.
You also visited: Ossuary and Gauntlet.

You collected 742 gold pieces.
You spent 403 gold pieces at shops.

Inventory:

Hand Weapons
 a - a +1 hand axe of flaming (weapon)
   (You took it off an orc on level 10 of the Dungeon)
 b - a +2 hand axe of electrocution
   (You found it on level 5 of the Dungeon)
 C - a +5 battleaxe
   (You took it off a wight on level 7 of the Dungeon)
 O - a +0 war axe
Armour
 c - a +0 kite shield (worn)
 i - a +2 pair of gloves (worn)
   (You found it on level 1 of the Dungeon)
 m - a +2 helmet (worn)
   (You found it on level 2 of the Dungeon)
 N - a +0 cloak (worn)
   (You took it off Maurice on level 10 of the Dungeon)
 P - the +3 chain mail of Shadows and Fog (worn) {Str+5}
   (You found it on level 11 of the Dungeon)

   It affects your strength (+5).
   If you remove this armour, your AC will decrease by 15 (25 -> 10).
 V - the +1 pair of boots "Susuamena" (worn) {*Contam rPois Int+2 SInv}
   (You found it in a Gauntlet)

   It affects your intelligence (+2).
   It protects you from poison.
   It lets you see invisible.
   It causes magical contamination when unequipped.
   If you remove this armour, your AC will decrease by 2 (25 -> 23).
Jewellery
 k - an amulet of the gourmand (around neck)
   (You found it on level 5 of the Dungeon)
 v - a +3 ring of evasion (right hand)
   (You found it on level 1 of the Lair of Beasts)
 K - the ring "Meptamn" (left hand) {rPois Int+3 Slay+3}
   (You bought it in a shop on level 9 of the Dungeon)

   [ring of slaying]

   It affects your intelligence (+3).
   It affects your accuracy and damage with ranged weapons and melee attacks
   (+3).
   It protects you from poison.
 R - an uncursed ring of flight
   (You found it on level 1 of the Lair of Beasts)
 W - a +4 ring of strength
   (You took it off a minotaur in a Gauntlet)
Wands
 j - a wand of iceblast (13)
   (You found it on level 5 of the Dungeon)
 y - a wand of enslavement (1)
   (You found it on level 9 of the Dungeon)
Scrolls
 f - 2 scrolls of magic mapping
 g - 2 scrolls of immolation
 t - 2 scrolls of teleportation
 u - a scroll of summoning
 w - 6 scrolls of remove curse
 x - 2 scrolls of holy word
 H - a scroll of vulnerability
 J - 2 scrolls of fog
 L - 3 scrolls of random uselessness {unknown}
 S - a scroll of silence
 U - a scroll of fear {unknown}
Potions
 d - a potion of might
 h - 5 potions of haste
 l - a potion of magic
 n - a potion of resistance
 o - 2 potions of ambrosia {unknown}
 p - 3 potions of lignification
 q - 11 potions of curing
 s - 3 potions of brilliance {unknown}
 z - a potion of experience {unknown}
 A - a potion of invisibility
 B - a potion of berserk rage
 D - 2 potions of mutation
 E - a potion of cancellation
 F - 2 potions of flight
 Q - 4 potions of heal wounds {unknown}
Comestibles
 e - 20 rations


   Skills:
 + Level 8.9 Fighting
 * Level 13.7 Axes
 + Level 10.5 Armour
 - Level 6.6 Shields
 + Level 11.1 Invocations


You had 11 spell levels left.
You didn't know any spells.
Your spell library was empty.

Dungeon Overview and Level Annotations

Branches:
Dungeon (11/15)            Temple (0/1) D:5            Lair (2/6) D:11
  Swamp (0/4) Lair:2          Orc (0/2) D:10        Ossuary (visited)
Gauntlet (visited)
  Snake: Lair:2-4    Spider: Lair:2-4

Altars:
Ashenzari
Gozag
Hepliaklqana
Kikubaaqudgha
Makhleb
Trog
Uskayaw
Vehumet
Wu Jian
Xom
Zin

Shops:
D:4 *   D:9 (*   D:10 ?

Portals:
Trove: D:10 (give 7 potions of stabbing)

Annotations:
D:5 2 transporters
D:9 2 runed translucent doors


Innate Abilities, Weirdness & Mutations

You are resistant to damage.
You can heal yourself by infusing magical energy.
You passively map the area around you.
You do not regenerate.
You have sharp fingernails.
You have sharp toenails.


Message History

The 15-headed hydra bites you but does no damage. x7
The 15-headed hydra bites you!
* * * LOW HITPOINT WARNING * * *
You block the 15-headed hydra's attack.
The 15-headed hydra bites you but does no damage.
The 15-headed hydra bites you. You block the 15-headed hydra's attack.
The 15-headed hydra bites you but does no damage.
You hack one of the 15-headed hydra's heads off!
The flame cauterises the wound!
You slash the 14-headed hydra! You burn the 14-headed hydra.
The 14-headed hydra is almost dead.
You completely miss the blink frog.
The blink frog hits you but does no damage.
The 14-headed hydra bites you but does no damage.
The 14-headed hydra bites you!
* * * LOW HITPOINT WARNING * * *
You block the 14-headed hydra's attack. x2; The 14-headed hydra misses you.
The 14-headed hydra bites you. The 14-headed hydra closely misses you.
The 14-headed hydra bites you. The 14-headed hydra bites you!
You die...

≈ ♣♣....<.# , ≈
≈♣≈.......### ** ≈
≈♣.≈P.#...#.# # *
≈<.###.....#####*.#**
≈ .. #..#...##P..#.#.
,, * ≈,
.,...##...#........ ,
,,
,,...P...†.†.......
,.............<... ≈≈
≈ ,
,.....(..†@D.F....
≈≈≈ ,
...P....#F....>.. ≈ *
,...###.#......... ≈
≈ ,♣.. #.##........,
* * * ♣♣ P.,.........
* *≈ *♣♣.,.........
≈≈ , ≈ * #........ ≈,
≈ #........,, , ≈ , *
, ,


You could see a 14-headed hydra and 2 blink frogs.

Vanquished Creatures
  A minotaur (Gauntlet)
  A hydra (Lair:1)
  A two-headed ogre (D:8)
  2 unseen horrors
  Joseph (D:10)
  Maurice (D:10)
  A black mamba (Lair:1)
  2 spiny frogs (Lair:1)
  A komodo dragon (Lair:1)
  A wolf spider simulacrum (Gauntlet)
  8 blink frogs
  3 hippogriffs
  12 flying skulls (Gauntlet)
  A meliai zombie (D:11)
  A centaur simulacrum (Gauntlet)
  Eustachio (D:6)
  2 wyverns (D:8)
  2 wraiths (Ossuary)
  4 hogs (D:7)
  A human (D:7)
  22 yaks
  Grum (D:8)
  3 water moccasins
  A hydra simulacrum (Gauntlet)
  2 porcupines
  3 orc warriors
  An ice beast (D:6)
  A sky beast (D:8)
  A black bear (D:9)
  3 phantoms
  A hornet zombie (D:8)
  A necrophage (D:8)
  2 wolves (D:8)
  2 ogres
  6 centaurs (D:11)
  2 big kobolds (D:7)
  A crocodile (D:11)
  15 bullfrogs
  A wyvern zombie (D:8)
  A wyvern skeleton (D:9)
  3 scorpions
  4 killer bees (D:9)
  7 wights
  An electric eel (Lair:1)
  2 howler monkeys
  3 crimson imps
  2 quasits
  4 orc priests
  9 hounds
  A jelly (D:9)
  4 bullfrog skeletons
  6 orc wizards
  5 worker ants
  3 iguanas
  2 hound skeletons (D:8)
  6 adders
  2 shadow imps
  7 worms
  5 leopard geckos
  32 orcs
  2 giant cockroaches
  3 goblins
  3 hobgoblins
  11 jackals
  3 quokkas
  3 frilled lizards
  17 kobolds
  A kobold zombie (Ossuary)
  2 orc skeletons (Ossuary)
  A quokka zombie (D:5)
  3 rats
  A fungus (D:11)
  A plant (D:11)
276 creatures vanquished.

Vanquished Creatures (others)
  24 fungi (D:11)
  10 plants (D:11)
34 creatures vanquished.

Grand Total: 310 creatures vanquished

Notes
Turn   | Place    | Note
-------+----------+-------------------------------------------
     0 | D:1      | Flugslaktarn the Deep Dwarf Fighter began the quest for the
                  | Orb.
     0 | D:1      | Reached XP level 1. HP: 20/20 MP: 1/1
   170 | D:2      | Reached XP level 2. HP: 24/27 MP: 2/2
   182 | D:3      | Found a hide-covered altar of Uskayaw.
   275 | D:3      | Reached skill level 3 in Axes
   275 | D:3      | Reached XP level 3. HP: 29/33 MP: 3/3
   372 | D:4      | Found a hazy altar of Hepliaklqana.
   459 | D:4      | Noticed a scorpion
   462 | D:4      | Killed a scorpion
   462 | D:4      | Reached XP level 4. HP: 32/42 MP: 4/4
   508 | D:4      | Reached skill level 4 in Axes
   508 | D:4      | Reached XP level 5. HP: 37/49 MP: 5/5
   702 | D:4      | Reached XP level 6. HP: 36/56 MP: 6/6
   717 | D:4      | Found an opulent altar of Gozag.
   862 | D:4      | Found a burning altar of Makhleb.
   971 | D:4      | Became a worshipper of Makhleb the Destroyer
  1009 | D:4      | Found Jienamini's Assorted Antiques.
  1020 | D:4      | Bought a scroll labeled KEFRUSUUMI for 34 gold pieces
  1020 | D:4      | Bought a fuming coppery potion for 30 gold pieces
  1027 | D:4      | Gained mutation: You have sharp fingernails. [potion of
                  | mutation]
  1027 | D:4      | Gained mutation: You have sharp toenails. [potion of
                  | mutation]
  1340 | D:5      | Entered Level 5 of the Dungeon
  1347 | D:5      | Reached skill level 5 in Axes
  1367 | D:5      | Reached skill level 1 in Invocations
  1456 | D:5      | Found a staircase to the Ecumenical Temple.
  1477 | D:5      | Reached XP level 7. HP: 53/63 MP: 5/7
  1564 | D:5      | Found a transporter.
  1780 | D:5      | Found an ancient bone altar of Kikubaaqudgha.
  1795 | D:5      | Found a transporter.
  1797 | D:5      | Noticed a fire bat
  1797 | D:5      | Noticed a fire bat
  1819 | D:5      | Reached skill level 5 in Armour
  1832 | D:5      | Noticed a moth of wrath
  1835 | D:5      | Found a bloodstained altar of Trog.
  1985 | D:6      | Reached skill level 5 in Shields
  2036 | D:6      | Reached * piety under Makhleb
  2036 | D:6      | Reached skill level 6 in Axes
  2211 | D:6      | Found a shimmering altar of Xom.
  2364 | D:6      | Found a shimmering altar of Xom.
  2386 | D:6      | Reached XP level 8. HP: 71/73 MP: 9/9
  2609 | D:6      | Found a glowing silver altar of Zin.
  2610 | D:6      | Noticed Eustachio
  2620 | D:6      | Killed Eustachio
  2745 | D:7      | Reached skill level 7 in Axes
  2752 | D:7      | Reached skill level 5 in Fighting
  2793 | D:7      | Reached skill level 8 in Axes
  2822 | D:7      | Gained mutation: You passively map the area around you.
                  | [Deep Dwarf growth]
  2822 | D:7      | Reached XP level 9. HP: 81/81 MP: 11/11
  2936 | D:7      | Reached skill level 5 in Invocations
  2940 | D:7      | Reached ** piety under Makhleb
  3046 | D:7      | Found an ornate altar of the Wu Jian Council.
  3047 | D:7      | Found a radiant altar of Vehumet.
  3372 | D:7      | Found a shattered altar of Ashenzari.
  3808 | D:8      | Reached skill level 9 in Axes
  3817 | D:8      | Noticed Grum
  3825 | D:8      | Killed Grum
  3987 | D:8      | Found a sand-covered staircase.
  3993 | Ossuary  | Entered an ossuary
  4127 | Ossuary  | Reached XP level 10. HP: 82/91 MP: 13/13
  4301 | D:8      | Reached skill level 10 in Axes
  4394 | D:8      | Noticed a two-headed ogre
  4403 | D:8      | Killed a two-headed ogre
  4403 | D:8      | Reached *** piety under Makhleb
  4560 | D:9      | Found Midary's Assorted Antiques.
  4568 | D:9      | Bought a faintly glowing bronze ring for 105 gold pieces
  4568 | D:9      | Bought a scroll labeled NAMACI KIJA for 21 gold pieces
  4568 | D:9      | Bought a scratched granite ring for 105 gold pieces
  4568 | D:9      | Bought a scroll labeled UNIRAL BOIGO for 21 gold pieces
  4568 | D:9      | Bought a murky silvery potion for 18 gold pieces
  4568 | D:9      | Bought a purple potion for 18 gold pieces
  4572 | D:9      | Identified the ring "Meptamn" {rPois Int+3 Slay+3} (You
                  | bought it in a shop on level 9 of the Dungeon)
  4717 | D:9      | Found a runed translucent door.
  4718 | D:9      | Found a runed translucent door.
  4949 | D:9      | Reached skill level 11 in Axes
  5160 | D:9      | Found Zonit's Weapon Boutique.
  5364 | D:10     | Entered Level 10 of the Dungeon
  5457 | D:10     | Found an ornate altar of the Wu Jian Council.
  5520 | D:10     | Noticed Joseph
  5536 | D:10     | Killed Joseph
  5593 | D:10     | Found Dauh's Magic Scroll Shop.
  5598 | D:10     | Bought a scroll of teleportation for 51 gold pieces
  5627 | D:10     | Found a staircase to the Orcish Mines.
  5860 | D:10     | Noticed Maurice
  5867 | D:10     | Killed Maurice
  5908 | D:10     | Killed an unseen horror
  5908 | D:10     | Reached XP level 11. HP: 59/100 MP: 15/15
  6044 | D:10     | Found a portal to a secret trove of treasure.
  6200 | D:11     | Reached **** piety under Makhleb
  6274 | D:11     | Reached skill level 12 in Axes
  6309 | D:11     | Killed an unseen horror
  6337 | D:11     | Got a distressingly furry chain mail
  6348 | D:11     | Identified the +3 chain mail of Shadows and Fog {Str+5}
                  | (You found it on level 11 of the Dungeon)
  6366 | D:11     | Found a staircase to the Lair.
  6393 | Lair:1   | Entered Level 1 of the Lair of Beasts
  6458 | Lair:1   | Reached skill level 10 in Invocations
  6673 | Lair:1   | Noticed a five-headed hydra
  6679 | Lair:1   | Killed a one-headed hydra
  6682 | Lair:1   | Reached skill level 13 in Axes
  6682 | Lair:1   | Reached skill level 10 in Armour
  6721 | Lair:1   | Reached XP level 12. HP: 108/112 MP: 17/17
  6807 | Lair:1   | Found a gate leading to a gauntlet.
  6916 | Gauntlet | Entered a Gauntlet
  6916 | Gauntlet | Found a transporter.
  6916 | Gauntlet | Found a transporter.
  6916 | Gauntlet | Found a transporter.
  6916 | Gauntlet | Found a transporter.
  6916 | Gauntlet | Noticed a death scarab
  6925 | Gauntlet | Found a transporter.
  6941 | Gauntlet | Found a transporter.
  6950 | Gauntlet | Found a transporter.
  6962 | Gauntlet | Found a transporter.
  6975 | Gauntlet | Found a transporter.
  6981 | Gauntlet | Found a transporter.
  6995 | Gauntlet | Found a transporter.
  7001 | Gauntlet | Found a transporter.
  7103 | Gauntlet | Reached ***** piety under Makhleb
  7117 | Gauntlet | Got a pitted cloak
  7168 | Gauntlet | Got a pair of ichor-stained boots
  7175 | Gauntlet | Identified the +1 pair of boots "Susuamena" {*Contam rPois
                  | Int+2 SInv} (You found it in a Gauntlet)
  7206 | Gauntlet | Noticed a minotaur
  7255 | Gauntlet | Killed a minotaur
  7360 | Lair:1   | Identified the +2 cloak of the Bells {*Slow +Fly rCorr
                  | Dex-3} (You found it in a Gauntlet)
  7603 | Lair:2   | Noticed an eight-headed hydra
  7620 | Lair:2   | Slain by a 14-headed hydra

Levels and vault maps discovered:
D:1:      heliophobic_arrival_henge, layout_basic
D:2:      minmay_chambers_of_twos, layout_basic, first_ration,
          minmay_octomino_j4
D:3:      layout_rooms, lemuel_doored_altar, eat_drink_and_be_merry_uskayaw,
          ebering_ghost_gozag
D:4:      layout_basic, lemuel_round_altar, lemuel_round_altar,
          nicolae_gozag_seed_capital, serial_shops,
          nicolae_shop_overgrown_old_shop
D:5:      gammafunk_cloud_chamber, layout_rooms, kennysheep_mini_moat,
          minmay_temple_entry_waves, grunt_decor_mini_mirrors, tgw_trog
D:6:      layout_loops_ring, old_standard_altar, zin_treasury, basic_altar,
          uniq_eustachio
D:7:      layout_basic, marbit_many_paths, gammafunk_temple_overflow_statue,
          grunt_livestock, minivault_5
D:8:      layout_gridville, nicolae_ossuary_entry_plus, uniq_grum
D:9:      lemuel_insect_pit, layout_irregular_city, serial_shops, shop,
          kennysheep_mini, chequers_serial_rivers_room_a
D:10:     layout_stronghold, orc_0_dummy, enter_trove_3, serial_shops, shop,
          basic_altar, uniq_maurice, uniq_joseph
D:11:     layout_basic, due_lair_maze_entry_diamond
Lair:1:   layout_regular_city, gauntlet_entry_generic, enter_volcano_3,
          infiniplex_staircase_pool
Lair:2:   layout_gridlike, palyth_hydra_swamp_entry,
          nicolae_spider_entry_tight_spaces, serial_bayou_lagoon_b

Skill      XL: |  1  2  3  4  5  6  7  8  9 10 11 12 |
---------------+-------------------------------------+-----
Axes           | 3 4 5 6 8 9 11 13 | 13.7
Fighting       | 3 4 5 6 7 8 |  8.9
Armour         | 4 5 6 7 8 10 | 10.5
Shields        | 4 5 6 |  6.6
Invocations    | 1 3 4 6 8 10 11 | 11.1

Action                   |  1- 3 |  4- 6 |  7- 9 | 10-12 || total
-------------------------+-------+-------+-------+-------++-------
Melee: War axe           |    85 |   112 |    38 |       ||   235
       Kick              |       |    21 |   102 |   134 ||   257
       Hand axe          |       |       |   273 |   375 ||   648
       Unarmed           |       |       |    10 |       ||    10
Invok: Minor Destruction |       |       |       |     1 ||     1
 Abil: Heal Wounds       |     1 |     2 |     3 |     7 ||    13
Evoke: Wand              |       |       |       |     6 ||     6
  Use: Scroll            |       |     7 |       |    16 ||    23
       Potion            |       |     1 |       |     1 ||     2
  Eat: Chunk             |       |     2 |     9 |    27 ||    38
       Ration            |       |       |       |     1 ||     1
Armor: Scale mail        |    38 |    53 |   119 |     7 ||   217
       Skin              |       |       |     3 |       ||     3
       Chain mail        |       |       |       |   251 ||   251
Dodge: Dodged            |    29 |    32 |    73 |    94 ||   228
Block: Kite shield       |    50 |    72 |   132 |   225 ||   479

Table legend:
 A = Non-vault XP
 B = Vault XP
 C = Vault XP percentage of total XP
 D = Non-vault monster count
 E = Vault monster count
 F = Vault count percentage of total count
                 A         B        C        D         E       F
            +---------+---------+-------+---------+---------+-------
      Total |   19301 |    8972 |  31.7 |     224 |      50 |  18.2
            +---------+---------+-------+---------+---------+-------
        D:1 |       3 |       0 |   0.0 |       2 |       0 |   0.0
        D:2 |       9 |       0 |   0.0 |       3 |       0 |   0.0
        D:3 |      63 |       0 |   0.0 |      20 |       0 |   0.0
        D:4 |     400 |       0 |   0.0 |      14 |       0 |   0.0
        D:5 |     423 |      21 |   4.7 |      20 |       5 |  20.0
        D:6 |     586 |     211 |  26.5 |      19 |       1 |   5.0
        D:7 |    1126 |     974 |  46.4 |      38 |       6 |  13.6
        D:8 |    2652 |     434 |  14.1 |      22 |       3 |  12.0
        D:9 |    2237 |       0 |   0.0 |      28 |       0 |   0.0
       D:10 |     948 |     926 |  49.4 |       8 |       2 |  20.0
       D:11 |    4370 |    1195 |  21.5 |      25 |      10 |  28.6
     Lair:1 |    5707 |       0 |   0.0 |      22 |       0 |   0.0
     Lair:2 |     777 |       0 |   0.0 |       3 |       0 |   0.0
    Ossuary |       0 |     537 | 100.0 |       0 |       7 | 100.0
   Gauntlet |       0 |    4674 | 100.0 |       0 |      16 | 100.0
            +---------+---------+-------+---------+---------+-------
